 Dungeon Crawl Stone Soup version 0.28-a0-2-g643f2454ad (webtiles) character file.

Game seed: 9534838682456303684

2247 angelsbits the Skirmisher (level 9, -3/93 (103) HPs)
             Began as a Demonspawn Berserker on July 22, 2021.
             Was a Priest of Trog.
             Slain by Erica (4 damage)
             ... on level 8 of the Dungeon.
             The game lasted 00:33:55 (9194 turns).

angelsbits the Skirmisher (Demonspawn Berserker)    Turns: 9194, Time: 00:33:59

HP:   -3/93 (103)   AC:  8    Str: 22    XL:     9   Next: 15%
MP:   0/9           EV: 13    Int:  8    God:    Trog [***...]
Gold: 349           SH:  0    Dex: 12    Spells: 8/8 levels left

rFire   x . .      SeeInvis .   R - +4 quarterstaff (chaos)
rCold   . . .      Faith    .   (shield currently unavailable)
rNeg    . . .      Spirit   +   K - +1 robe of Follow the Leader {Fly rF- Regen+ Archmagi}
rPois   .          Reflect  .   t - +0 helmet
rElec   .          Harm     .   S - +2 cloak
rCorr   .          Rampage  .   (no gloves)
Will    .....      Archmagi +   o - +0 pair of boots
Stlth   ..........              (no amulet)
HPRegen 1.25/turn               (no ring)
MPRegen 0.22/turn               (no ring)

@: berserking, flying, heavily drained, very quick
A: claws 2, talons 2, magic shield, magic regeneration
a: Renounce Religion, Berserk, Trog's Hand


You were on level 8 of the Dungeon.
You worshipped Trog.
Trog was most pleased with you.
You visited 2 branches of the dungeon, and saw 8 of its levels.

You collected 349 gold pieces.

Inventory:

Hand Weapons
 a - a +0 hand axe
 f - a +0 hunting sling
 g - a +0 short sword
 s - a +0 mace
 x - a +0 scythe
 B - a +0 long sword
 I - a +0 spear
 J - a +0 halberd
 N - a +4 flail of protection
 R - a +4 quarterstaff of chaos (weapon)
 V - a +0 flail
 W - the +5 falchion "Mefopn" {vorpal, MP+9}
   (You found it on level 5 of the Dungeon)

   It inflicts extra damage upon your enemies.
   MP:        It affects your magic capacity (+9).
 Y - a +0 giant club
Missiles
 e - 107 stones (quivered)
 h - 29 sling bullets
 k - 4 datura-tipped darts
 A - 34 bolts
 G - 18 poisoned darts
 X - 6 silver javelins
Armour
 d - a +0 scale mail
 m - a +0 robe
 o - a +0 pair of boots (worn)
 t - a +0 helmet (worn)
 y - a +0 tower shield
 F - a +0 ring mail
 K - the +1 robe of Follow the Leader (worn) {Fly rF- Regen+ Archmagi}
   (You found it on level 4 of the Dungeon)

   rF:        It makes you vulnerable to fire.
   Fly:       It grants you flight.
   Regen:     It increases your rate of health regeneration.
   Archmagi:  It increases the power of your magical spells.
 M - a +0 robe
 O - a +2 scale mail of poison resistance
 S - a +2 cloak (worn)
 U - a +0 pair of boots
Jewellery
 H - a ring of ice
 L - a ring of fire
Wands
 b - a wand of iceblast (7)
Scrolls
 c - 3 scrolls of vulnerability {unknown}
 j - 3 scrolls of amnesia {unknown}
 l - 2 scrolls of magic mapping {unknown}
 n - 3 scrolls of enchant weapon {unknown}
 p - a scroll of holy word {unknown}
 v - 2 scrolls of acquirement {unknown}
 w - a scroll of teleportation {unknown}
 z - a scroll of fog {unknown}
 C - a scroll of fear {unknown}
 D - 6 scrolls of identify {unknown}
 T - a scroll of noise {unknown}
Potions
 i - a potion of invisibility {unknown}
 q - a potion of resistance {unknown}
 r - 3 potions of heal wounds {unknown}
 u - a potion of curing {unknown}
 E - 2 potions of ambrosia {unknown}
 P - a potion of brilliance {unknown}
 Q - 2 potions of degeneration {unknown}
 Z - a potion of mutation {unknown}


   Skills:
 + Level 5.7 Fighting
 + Level 4.3(5.3) Axes
 + Level 1.2(4.5) Maces & Flails
 + Level 4.2(6.2) Polearms
 + Level 5.2(6.0) Staves
 + Level 3.5 Armour
 + Level 4.3 Dodging
 + Level 3.6 Stealth


You had 8 spell levels left.
You didn't know any spells.
Your spell library contained the following spells:

 Spells                   Type           Power      Damage    Failure   Level
 Corona                   Hex            0%         N/A       41%         1
 Ensorcelled Hibernation  Hex/Ice        0%         N/A       54%         2
 Slow                     Hex            0%         N/A       54%         2
 Confusing Touch          Hex            0%         N/A       78%         3
 Tukima's Dance           Hex            0%         N/A       78%         3
 Vampiric Draining        Necr           0%         2d6       78%         3


Dungeon Overview and Level Annotations

Branches:
Dungeon (8/15)             Temple (1/1) D:5
   Lair: D:8-11

Altars:
Cheibriados
Dithmenos
Elyvilon
Fedhas
Kikubaaqudgha
Nemelex Xobeh
Okawaru
Ru
Sif Muna
Trog
Uskayaw
Vehumet
Wu Jian
Xom
The Shining One

Annotations:
D:8 1 transporter, Erica


Innate Abilities, Weirdness & Mutations

You have very sharp fingernails.
You have razor-sharp toenails.
When hurt, damage is shared between your health and your magic reserves.
You regenerate magic rapidly.


Message History

You sock the killer bee zombie! You burn the killer bee zombie.
You destroy the killer bee zombie!
Trog accepts your kill. The wight barely misses you.
You hit the wight.
The wight is lightly damaged.
The wight barely misses you. The wight hits you with a +0 scimitar!
You feel drained.
You hit the wight.
The wight is lightly damaged.
The wight barely misses you. The wight completely misses you.
You hit the wight. You burn the wight.
The wight is moderately damaged.
The wight hits you with a +3 falchion.
You feel drained. The wight hits you with a +0 scimitar.
You barely miss the wight.
The wight is moderately damaged.
The wight hits you with a +3 falchion. The wight hits you with a +0 scimitar!
You sock the wight! You burn the wight.
The wight is almost destroyed.
The wight hits you with a +3 falchion. The wight hits you but does no damage.
A red film seems to cover your vision as you go berserk!
You feel yourself moving faster!
You feel mighty! The wight hits you with a +3 falchion!
You feel drained.
Erica hits you with a +3 scimitar of flaming!
* * * LOW HITPOINT WARNING * * *
Erica burns you!
* * * LOW HITPOINT WARNING * * *
The wight hits you with a +0 scimitar.
* * * LOW HITPOINT WARNING * * *
You feel drained.
* * * LOW HITPOINT WARNING * * *
You sock Erica!
Erica is moderately wounded.
The wight hits you with a +3 falchion.
* * * LOW HITPOINT WARNING * * *
Erica hits you with a +3 scimitar of flaming!
* * * LOW HITPOINT WARNING * * *
Erica burns you.
You die...

............#○○°
............#°°
...........©#○
.............#
.............#
.......#...z##..#
.......#..zz#...######
..........#@#........# ####
.........#@.........# .>.
#..................###.##.
#............####).#.....
..##......##....#####)...#
..........##)........)...#..
...#........................
##...##..................
......###..................


You could see Erica and 3 wights.

Vanquished Creatures
  A two-headed ogre (D:5)
  Grinder (D:3)
  Sigmund (D:3)
  Edmund (D:4)
  A sky beast (D:5)
  An orc warrior (D:6)
  A necrophage (D:4)
  A phantom (D:5)
  3 scorpions
  A wight (D:8)
  A centaur zombie (D:5)
  Crazy Yiuf (D:4)
  2 orc priests
  A hound (D:5)
  A jelly (D:8)
  3 iguanas
  2 orc wizards
  A killer bee zombie (D:8)
  2 hound skeletons
  A howler monkey zombie (D:5)
  6 gnolls
  5 adders
  A white imp (D:8)
  An adder skeleton (D:4)
  3 dart slugs
  6 orcs
  3 ball pythons
  2 bats (D:3)
  6 endoplasms
  3 giant cockroaches
  8 goblins
  5 hobgoblins
  2 jackals (D:3)
  5 quokkas
  8 frilled lizards
  12 kobolds
  2 rats
105 creatures vanquished.

Notes
Turn   | Place    | Note
-------+----------+-------------------------------------------
     0 | D:1      | angelsbits the Demonspawn Berserker began the quest for the
                  | Orb.
     0 | D:1      | Reached XP level 1. HP: 18/18 MP: 1/1
   202 | D:1      | Gained mutation: You have sharp toenails. [demonic
                  | ancestry]
   202 | D:1      | Reached XP level 2. HP: 19/24 MP: 2/2
  1234 | D:2      | Gained mutation: You have razor-sharp toenails. [demonic
                  | ancestry]
  1234 | D:2      | Reached XP level 3. HP: 27/29 MP: 3/3
  2294 | D:3      | Noticed Sigmund
  2302 | D:3      | Killed Sigmund
  2303 | D:3      | Reached XP level 4. HP: 37/37 MP: 4/4
  2303 | D:3      | Gained mutation: You regenerate magic rapidly. [demonic
                  | ancestry]
  2303 | D:3      | Reached XP level 5. HP: 42/42 MP: 5/5
  2765 | D:3      | Reached ** piety under Trog
  3124 | D:3      | Noticed Grinder
  3146 | D:3      | Killed Grinder
  3147 | D:3      | Gained mutation: You have sharp fingernails. [demonic
                  | ancestry]
  3147 | D:3      | Reached XP level 6. HP: 36/48 MP: 6/6
  4875 | D:4      | Found a runed translucent door.
  4876 | D:4      | Noticed Crazy Yiuf
  5348 | D:4      | Identified the +1 robe of Follow the Leader {Fly rF- Regen+
                  | Archmagi}
  5351 | D:4      | Reached skill level 1 in Stealth
  5491 | D:4      | Gained mutation: You have very sharp fingernails. [demonic
                  | ancestry]
  5491 | D:4      | Reached XP level 7. HP: 54/54 MP: 7/7
  6058 | D:4      | Noticed Edmund
  6076 | D:4      | Killed Edmund
  6782 | D:4      | Killed Crazy Yiuf
  7164 | D:5      | Entered Level 5 of the Dungeon
  7220 | D:5      | Found a staircase to the Ecumenical Temple.
  7230 | Temple   | Entered the Ecumenical Temple
  7890 | D:5      | Reached skill level 1 in Maces & Flails
  7899 | D:5      | Gained mutation: When hurt, damage is shared between your
                  | health and your magic reserves. [demonic ancestry]
  7899 | D:5      | Reached XP level 8. HP: 32/61 MP: 8/8
  7907 | D:5      | Reached skill level 1 in Staves
  8281 | D:5      | Reached skill level 5 in Fighting
  8698 | D:5      | Noticed a two-headed ogre
  8708 | D:5      | Killed a two-headed ogre
  8743 | D:5      | Identified the +5 falchion "Mefopn" {vorpal, MP+9}
  9056 | D:6      | Found a bloodstained altar of Trog.
  9068 | D:6      | Reached XP level 9. HP: 53/68 MP: 6/9
  9113 | D:6      | You are sucked into a shaft and drop 2 floors!
  9126 | D:8      | Reached skill level 5 in Staves
  9137 | D:8      | Found a transporter.
  9170 | D:8      | Reached *** piety under Trog
  9186 | D:8      | Noticed Erica
  9194 | D:8      | HP: 1/93 [Erica (10)]
  9194 | D:8      | Slain by Erica

Illustrated notes

Levels and vault maps discovered:
D:1:      evilmike_arrival_crescent, layout_basic, dk_noncrumbling_2,
          minmay_misc_feat_room, minmay_split_cup_large
D:2:      layout_basic, kennysheep_pointless_box
D:3:      layout_loops_ring, uniq_grinder, uniq_sigmund
D:4:      layout_loops_ring, uniq_edmund, uniq_crazy_yiuf_cottage
D:5:      layout_loops_cross, minmay_temple_entry_arrows, portal_sewer_entry_d,
          kennysheep_generic_room_5
D:6:      layout_basic, trog_butcher_becter, uniq_maggie
D:8:      gammafunk_cloud_chamber, layout_cave_pools, erik_lair_dragon,
          grunt_ministairs_1, uniq_erica
Temple:   dpeg_chambers_temple

Skill      XL: |  1  2  3  4  5  6  7  8  9 |
---------------+----------------------------+-----
Axes           | 3 4 |  4.3
Fighting       | 4 5 |  5.7
Armour         | 2 3 |  3.5
Dodging        | 2 3 4 |  4.3
Polearms       | 2 4 |  4.2
Stealth        | 1 3 |  3.6
Maces & Flails | 1 |  1.2
Staves         | 4 5 |  5.2

Action                   |  1- 3 |  4- 6 |  7- 9 || total
-------------------------+-------+-------+-------++-------
Melee: Hand axe          |    75 |       |       ||    75
       Kick              |     3 |       |       ||     3
       Scythe            |       |   158 |    20 ||   178
       Quarterstaff      |       |       |   118 ||   118
       Flail             |       |       |     7 ||     7
Invok: Berserk           |     2 |     4 |     4 ||    10
       Trog's Hand       |       |     1 |       ||     1
 Stab: Sleeping          |       |       |     4 ||     4
       Petrifying        |       |       |     1 ||     1
       Paralysed         |       |       |     1 ||     1
Armor: Animal skin       |     3 |       |       ||     3
       Scale mail        |    20 |   127 |       ||   147
       Robe              |       |    33 |    37 ||    70
Dodge: Dodged            |    29 |   176 |    90 ||   295

Table legend: (Time is in decaauts)
 A = Elapsed time spent in this place.
 B = Non-inter-level travel time spent in this place.
 C = Inter-level travel time spent in this place.
 D = Time resting spent in this place.
 E = Time spent auto-exploring this place.
 F = Levels seen in this place.
 G = Mean time per level.
                   A        B        C        D        E       F      G
               +--------+--------+--------+--------+--------+-----+--------+
         Total |   9441 |   7697 |   1744 |   4208 |   2412 |   8 | 1180.1 |
       Dungeon |   9026 |   7693 |   1333 |   4208 |   2411 |   7 | 1289.4 |
        Temple |    414 |      3 |    411 |      0 |      1 |   1 |  414.0 |
               +--------+--------+--------+--------+--------+-----+--------+

Top non-repeatable levels by time:
     D:4: 3311 daAuts
     D:3: 1744 daAuts
     D:5: 1509 daAuts
     D:2: 1411 daAuts
     D:1: 911 daAuts
  Temple: 414 daAuts
     D:8: 81 daAuts
     D:6: 58 daAuts
